 Dungeon Crawl Stone Soup version 0.30-b1-5-g8e6c1be481 (webtiles) character file.

Game seed: 3976412693399858154

73 GloriousHammer the Grasshopper (level 4, 0/38 HPs)
             Began as an Armataur Warper on May 4, 2023.
             Slain by an iguana (5 damage)
             ... on level 4 of the Dungeon.
             The game lasted 00:07:37 (1949 turns).

GloriousHammer the Grasshopper (Armataur Warper)    Turns: 1949, Time: 00:07:38

Health: 0/38       AC:  8    Str: 16    XL:     4   Next: 8%
Magic:  7/7        EV:  9    Int: 15    God:
Gold:   27         SH:  0    Dex: 10    Spells: 1/8 levels left

rFire   . . .        a - +0 mace
rCold   . . .        (no shield)
rNeg    + . .        b - +0 leather armour
rPois   .            (no helmet)
rElec   .            (no cloak)
rCorr   .            (no gloves)
SInv    .            (no barding)
Will    .....        (no amulet)
Stlth   +            T - +4 ring of protection
HPRegen 0.26/turn    N - ring of positive energy
MPRegen 0.10/turn

%: roll
@: no status effects
A: large, rugged brown scales 3, deformed body, armoured tail, roll, long
tongue, awkward tongue
a: no special abilities


You were on level 4 of the Dungeon.
You visited 1 branch of the dungeon, and saw 4 of its levels.

You collected 47 gold pieces.
You spent 20 gold pieces at shops.

Inventory:

Hand Weapons
 a - a +0 mace (weapon)
Missiles
 d - 7 boomerangs of dispersal (quivered)
 f - 6 boomerangs
Armour
 b - a +0 leather armour (worn)
Jewellery
 N - a ring of positive energy (right hand)
 T - a +4 ring of protection (left hand)
Scrolls
 c - a scroll of blinking
 g - 4 scrolls of fear
 j - a scroll of teleportation {unknown}
 I - a scroll of identify
Potions
 e - 2 potions of flight
 h - 5 potions of curing
 i - a potion of brilliance {unknown}
 k - 2 potions of degeneration {unknown}
 l - a potion of cancellation {unknown}
 m - a potion of heal wounds {unknown}
 n - a potion of might {unknown}


   Skills:
 + Level 1.7 Fighting
 + Level 2.6 Maces & Flails
 - Level 0.8 Throwing
 + Level 1.2 Armour
 - Level 1.3 Dodging
 + Level 0.0 Stealth
 - Level 2.5 Spellcasting
 + Level 3.7 Translocations
 + Level 0.0 Air Magic


You had one spell level left.
You knew the following spells:

 Your Spells              Type           Power      Damage    Failure   Level
a - Blink                 Tloc           26%        N/A       9%          2
b - Lesser Beckoning      Tloc           26%        N/A       9%          2
c - Vhi's Electric Charg  Tloc/Air       14%        N/A       34%         3

Your spell library contained the following spells:

 Spells                   Type           Power      Damage    Failure   Level
 Teleport Other           Tloc           13%        N/A       17%         3
 Manifold Assault         Tloc           13%        N/A       50%         4


Dungeon Overview and Level Annotations

Branches:
Dungeon (4/15)
 Temple: D:4-7

Altars:
Makhleb

Shops:
D:2 *

Annotations:
D:3 1 runed translucent door, Kazon's ghost, amateur OpTm; Terence


Innate Abilities, Weirdness & Mutations

You are completely covered in rugged brown scales. (AC +3, +7% HP)
Armour fits poorly on your strangely shaped body.
You have a long armoured tail.
You roll when moving toward enemies. (Rampage)
Your long tongue fully drains potion bottles. (2x potion effects)
Your tongue gives you trouble enunciating. (1.5x scroll delay)


Message History

Found a stone staircase leading down.
You see here a hobgoblin corpse.
k - 2 sapphire potions (gained 1)
Found a runed translucent door.
Found a falchion and an ivory wand.
The adder hisses angrily.
Kazon's ghost turns its malevolent gaze towards you.
The ball python hisses angrily.
You open the large door.
There is a large open door here.
A frilled lizard comes into view.
The frilled lizard hisses angrily.
You roll towards the frilled lizard!
You roll towards the frilled lizard!
The frilled lizard bites you but does no damage.
You sock the frilled lizard!
You kill the frilled lizard!
You see here a frilled lizard corpse.
You open the door.
There is an open door here.
Found a clear potion.
Found 14 gold pieces.
h - 4 clear potions (gained 1)
You now have 27 gold pieces (gained 14).
As you slowly read the scroll of identify, it crumbles to dust.
h - 4 potions of curing
There is an open door here.
Ijyb the Twisted Goblin comes into view.
She is wielding a +0 dagger and carrying a wand of flame (22).
Ijyb shouts!
Ijyb screams, "Me stronger than you!"
Ijyb grins evilly.
There is an open door here.
Ijyb screams, "You nasty!
Big nasty!"
You close the door.
N - a ring of positive energy (right hand)
You start waiting.
Ijyb the Twisted Goblin opens the door.
She is wielding a +0 dagger and carrying a wand of flame (22).
You roll towards Ijyb!
You miss Ijyb.
Ijyb zaps a wand.
The puff of flame hits you.
You miss Ijyb.
Your tail-slap misses Ijyb.
Ijyb hits you with a +0 dagger.
You sock Ijyb!
Ijyb is moderately wounded.
Ijyb barely misses you. Ijyb hits you with a +0 dagger.
You closely miss Ijyb.
Ijyb is moderately wounded.
Ijyb zaps a wand.
The puff of flame hits you!
You barely miss Ijyb.
Ijyb is moderately wounded.
Ijyb barely misses you.
Unknown command.
You hit Ijyb.
Ijyb is severely wounded.
Ijyb hits you but does no damage. x2
You closely miss Ijyb.
Ijyb is severely wounded.
Ijyb hits you but does no damage.
You closely miss Ijyb. You tail-slap Ijyb, but do no damage.
Your punch misses Ijyb.
Ijyb is severely wounded.
Ijyb hits you but does no damage.
You hit Ijyb but do no damage.
Ijyb is severely wounded.
Ijyb zaps a wand.
The puff of flame hits you.
Ijyb zaps a wand.
The puff of flame hits you!
* * * LOW HITPOINT WARNING * * *
You hit Ijyb.
Ijyb is severely wounded.
Ijyb hits you but does no damage.
You closely miss Ijyb.
Ijyb is severely wounded.
Ijyb hits you but does no damage.
You closely miss Ijyb.
Ijyb is severely wounded.
Ijyb zaps a wand.
The puff of flame hits you.
* * * LOW HITPOINT WARNING * * *
You barely miss Ijyb. You tail-slap Ijyb.
You kill Ijyb!
You have reached level 4!
You feel agile.
You start resting.
HP restored.
Unknown command.
You start waiting.
Terence is nearby!
Terence is nearby!
You close the door.
There is an open door here.
Found 3 stones.
There is an open door here.
There is an open door here.
You open the door.
A ball python comes into view.
There is an open door here.
You hit the ball python but do no damage.
The ball python closely misses you. x2
You sock the ball python!
You kill the ball python!
You see here a ball python corpse.
Found a stone staircase leading down.
There is a stone staircase leading down here.
You open the door.
There is an open door here.
A kobold comes into view. It is wielding a +0 dagger.
The kobold shouts!
You roll towards the kobold!
You completely miss the kobold. The kobold barely misses you. x2
You closely miss the kobold. The kobold hits you but does no damage.
You hit the kobold.
You kill the kobold!
Things that are here:
a +0 dagger; a kobold corpse You open the door.
There is an open door here.
Found a potion of curing.
Found a scale mail.
h - 5 potions of curing (gained 1)
You open the door.
There is an open door here.
Found a stone staircase leading down.
I - a scroll of identify Terence shouts!
Terence says, "Don't bother to defend, it's useless."
Terence zaps a wand.
The bolt of dispelling energy hits you.
A quokka comes into view.
A ball python comes into view.
Found a sapphire potion.
The ball python hisses angrily.
The quokka bites you but does no damage.
The quokka bites you but does no damage.
The quokka attacks as you move away! The quokka closely misses you.
The quokka attacks as you move away! The quokka closely misses you.
The quokka bites you but does no damage.
The quokka attacks as you move away! The quokka barely misses you.
The ball python bites you but does no damage.
The ball python attacks as you move away!
The ball python bites you but does no damage.
There is a stone staircase leading down here.
The ball python barely misses you. The quokka bites you.
You climb downwards.
Found an emerald potion.
There is a stone staircase leading up here.
You completely miss the quokka. The ball python closely misses you.
The quokka bites you but does no damage.
The ball python bites you but does no damage.
The quokka misses you.
You sock the quokka!
You kill the quokka!
The ball python barely misses you. x2
The ball python attacks as you move away!
The ball python bites you but does no damage.
You barely miss the ball python.
The ball python bites you but does no damage.
You closely miss the ball python. You tail-slap the ball python.
You kill the ball python!
There is a stone staircase leading up here.
You see here a ball python corpse.
n - an emerald potion This spell is quite dangerous to cast!
Memorise Vhi's Electric Charge, consuming 3 spell levels and leaving 1?
You start memorising the spell.
You continue memorising. x3
You finish memorising.
Spell assigned to 'c'.
An iguana comes into view.
A giant cockroach comes into view.
You roll towards the iguana!
You hit the iguana but do no damage.
Your tail-slap misses the iguana.
The iguana closely misses you.
The giant cockroach waves its antennae.
You closely miss the iguana. You tail-slap the iguana.
The iguana is moderately wounded.
The iguana hisses menacingly.
The iguana closely misses you. The giant cockroach barely misses you.
The iguana attacks as you move away! The iguana bites you!
You hit the giant cockroach.
The giant cockroach is severely wounded.
The giant cockroach bites you but does no damage.
The giant cockroach barely misses you.
You barely miss the giant cockroach.
The giant cockroach is severely wounded.
The giant cockroach bites you but does no damage.
You hit the giant cockroach.
You kill the giant cockroach!
You hit the iguana. You tail-slap the iguana.
The iguana is heavily wounded.
The iguana bites you!
You hit the iguana.
The iguana is heavily wounded.
The iguana bites you. The iguana barely misses you.
You hit the iguana but do no damage.
The iguana is heavily wounded.
The iguana closely misses you.
Unknown command.
You barely miss the iguana. You tail-slap the iguana.
The iguana is severely wounded.
The iguana barely misses you.
You hit the iguana.
Your tail-slap misses the iguana.
The iguana is almost dead.
The iguana bites you!
* * * LOW HITPOINT WARNING * * *
The iguana bites you.
You die...

# ### ####
.#. ... ...
.... #.# ..#
.....##.# #.#
........# #.#
#l# #.#
#@#########<#
#...........#
#############


You could see an iguana.

Vanquished Creatures
  Ijyb (D:3)
  A dart slug (D:2)
  2 bats
  4 endoplasms
  3 giant cockroaches
  4 goblins
  7 hobgoblins
  3 jackals (D:1)
  2 kobolds
  A quokka (D:4)
  5 ball pythons
  6 frilled lizards
  4 rats
43 creatures vanquished.

Notes
Turn   | Place    | Note
-------+----------+-------------------------------------------
     0 | D:1      | GloriousHammer the Armataur Warper began the quest for the
                  | Orb.
     0 | D:1      | Reached XP level 1. HP: 18/18 MP: 3/3
   179 | D:1      | Reached XP level 2. HP: 25/25 MP: 5/5
   556 | D:1      | Learned a level 2 spell: Blink
   559 | D:1      | Learned a level 2 spell: Lesser Beckoning
   605 | D:2      | Reached XP level 3. HP: 31/31 MP: 6/6
   617 | D:2      | Found Louwun's General Store.
   630 | D:2      | Bought a scroll of identify for 20 gold pieces
   658 | D:2      | Found a burning altar of Makhleb.
  1259 | D:3      | Noticed Terence
  1403 | D:3      | Found a runed translucent door.
  1406 | D:3      | Noticed Kazon's ghost (amateur OpTm)
  1480 | D:3      | Noticed Ijyb
  1502 | D:3      | Killed Ijyb
  1503 | D:3      | Reached XP level 4. HP: 6/38 MP: 7/7
  1936 | D:4      | Learned a level 3 spell: Vhi's Electric Charge
  1949 | D:4      | Slain by an iguana

Illustrated notes

Levels and vault maps discovered:
D:1:      lightli_arrival_windingriver, layout_rooms
D:2:      layout_basic, basic_altar, serial_shops, shop,
          kennysheep_generic_room_13
D:3:      layout_basic, ebering_ghost_sewer_f, uniq_terence, uniq_ijyb
D:4:      layout_basic, serial_shops, shop, solitary_fountain,
          minmay_box_of_dots

Skill      XL: |  1 |
---------------+----+-----
Maces & Flails | 2 |  2.6
Spellcasting   | 2 |  2.5
Fighting       | |  1.7
Throwing       | |  0.8
Armour         | |  1.2
Dodging        | |  1.3
Translocations | |  3.7

Action                     |  1- 3 |  4- 6 || total
---------------------------+-------+-------++-------
  Melee: Mace              |   119 |    19 ||   138
         Tailslap          |    16 |     4 ||    20
         Punch             |     1 |       ||     1
    Use: Scroll            |     4 |       ||     4
 Armour: Leather armour    |    39 |    12 ||    51
  Dodge: Dodged            |    47 |    19 ||    66
